 Dungeon Crawl Stone Soup version 0.29-a0-838-g385bb11a5b (webtiles) character file.

Game seed: 14833525072899336488

4933 gruber the Destroyer (level 10, -2/64 HPs)
             Began as a Tengu Conjurer on July 13, 2022.
             Was an Initiate of Vehumet.
             Slain by an orc warrior
             ... wielding a +2 long sword of protection
              (13 damage)
             ... on level 8 of the Dungeon.
             The game lasted 00:14:47 (11285 turns).

gruber the Destroyer (Tengu Conjurer)              Turns: 11285, Time: 00:14:47

Health: -2/64      AC:  7    Str: 18    XL:     10   Next: 52%
Magic:  2/15       EV: 21    Int: 23    God:    Vehumet [......]
Gold:   638        SH:  0    Dex: 13    Spells: 8/15 levels left

rFire   . . .      SeeInvis .   f - +7 short sword "Zaoxt" {flame, rElec Str+5}
rCold   . . .      Faith    .   (no shield)
rNeg    . . .      Spirit   .   L - +0 steam dragon scales
rPois   .          Reflect  .   (helmet restricted)
rElec   +          Harm     .   (no cloak)
rCorr   .          Rampage  .   B - +0 pair of gloves
Will    .....                   (boots unavailable)
Stlth   ++........              (no amulet)
HPRegen 0.20/turn               v - +6 ring of strength
MPRegen 0.14/turn               y - +4 ring of evasion

@: flying quickly and evasively, quick
A: beak, talons 3, nimble flight
a: Renounce Religion


You were on level 8 of the Dungeon.
You worshipped Vehumet.
Vehumet was noncommittal.
You visited 2 branches of the dungeon, and saw 9 of its levels.

You collected 638 gold pieces.

Inventory:

Hand Weapons
 f - the +7 short sword "Zaoxt" (weapon) {flame, rElec Str+5}
   (You found it on level 6 of the Dungeon)

   It burns those it strikes, dealing additional fire damage.
   Str:       It affects your strength (+5).
   rElec:     It insulates you from electricity.
 n - the +9 short sword of Vanity {vorpal, Str+2}
   (You took it off a hobgoblin on level 2 of the Dungeon)

   It inflicts extra damage upon your enemies.
   Str:       It affects your strength (+2).
 H - a +2 demon trident of electrocution
Missiles
 D - 2 throwing nets
Armour
 B - a +0 pair of gloves (worn)
 L - +0 steam dragon scales (worn)
Magical Staves
 l - a staff of fire
Jewellery
 v - a +6 ring of strength (left hand)
 y - a +4 ring of evasion (right hand)
 J - a ring of protection from cold
Wands
 k - a wand of roots (19)
 s - a wand of flame (26)
 A - a wand of mindburst (14)
 C - a wand of polymorph (15)
Scrolls
 a - 3 scrolls of immolation {unknown}
 c - a scroll of magic mapping {unknown}
 g - a scroll of poison {unknown}
 i - a scroll of brand weapon {unknown}
 o - a scroll of vulnerability {unknown}
 q - 2 scrolls of enchant armour {unknown}
 r - a scroll of enchant weapon {unknown}
 t - 2 scrolls of noise {unknown}
 u - 4 scrolls of amnesia {unknown}
 w - a scroll of blinking {unknown}
 z - a scroll of fear {unknown}
 E - a scroll of acquirement {unknown}
 I - a scroll of identify
 K - a scroll of fog {unknown}
 M - a scroll of teleportation {unknown}
Potions
 b - 3 potions of magic
 d - a potion of haste
 e - 5 potions of curing
 h - 2 potions of invisibility
 j - a potion of heal wounds
 m - 5 potions of mutation
 p - 2 potions of degeneration
 x - a potion of berserk rage
 F - a potion of might
 G - a potion of lignification


   Skills:
 - Level 8.0 Fighting
 - Level 6.5 Short Blades
 - Level 5.1 Armour
 * Level 7.2 Dodging
 - Level 2.0 Stealth
 - Level 3.1 Spellcasting
 - Level 11.2 Conjurations


You had 8 spell levels left.
You knew the following spells:

 Your Spells              Type           Power      Damage    Failure   Level
a - Magic Dart            Conj           100%       1d8       1%          1
b - Searing Ray           Conj           100%       2d8       1%          2
c - Fulminant Prism       Conj/Hex       14%        3d9       11%         4

Your spell library contained the following spells:

 Spells                   Type           Power      Damage    Failure   Level
 Foxfire                  Conj/Fire      100%       2x1d9     1%          1
 Conjure Flame            Conj/Fire      29%        6-21      3%          3
 Dazzling Flash           Conj/Hex       58%        N/A       3%          3
 Stone Arrow              Conj/Erth      58%        3d10      3%          3
 Sandblast                Erth           6%         2d5       12%         1
 Slow                     Hex            12%        N/A       12%         1
 Flame Wave               Conj/Fire      29%        2d8       12%         4
 Iskenderun's Mystic Bla  Conj/Tloc      29%        2d7       12%         4
 Passwall                 Tmut/Erth      2%         N/A       17%         2
 Sublimation of Blood     Necr           3%         N/A       17%         2
 Wereblood                Tmut           3%         N/A       17%         2
 Confusing Touch          Hex            3%         N/A       34%         3
 Gell's Gravitas          Tloc           3%         N/A       34%         3
 Inner Flame              Hex/Fire       3%         N/A       34%         3
 Teleport Other           Tloc           3%         N/A       34%         3
 Vampiric Draining        Necr           3%         2d6       34%         3
 Yara's Violent Unravell  Hex/Tmut       1%         3d3       97%         5
 Dispersal                Tloc           1%         N/A       100%        6
 Enfeeble                 Hex            1%         N/A       100%        7
 Summon Hydra             Summ           1%         N/A       100%        7


Dungeon Overview and Level Annotations

Branches:
Dungeon (8/15)             Temple (1/1) D:7
   Lair: D:8-11

Altars:
Ashenzari
Cheibriados
Dithmenos
Elyvilon
Fedhas
Gozag
Kikubaaqudgha
Makhleb
Nemelex Xobeh
Okawaru
Qazlal
Ru
Vehumet
Wu Jian
Yredelemnul
Zin
The Shining One

Shops:
D:5 :

Annotations:
Temple 2 transporters


Innate Abilities, Weirdness & Mutations

You have a beak for a mouth.
You have claws for feet.
Your magical nature lets you fly swiftly and evasively.


Message History

The searing ray hits the orc!
You kill the orc!
Vehumet accepts your kill.
The searing ray hits the orc warrior!
The orc warrior is moderately wounded. (Press . to maintain the ray.) Unknown command.
The searing ray hits the orc warrior.
The orc warrior is moderately wounded.
The searing ray hits the orc warrior.
The orc warrior is heavily wounded.
The searing ray misses the orc warrior.
You finish channelling your searing ray.
The orc warrior misses you.
Casting: Searing Ray (safe; 1% risk of failure)
Confirm with . or Enter, or press ? or * to list all spells.
Aiming: Searing Ray (safe; 1% risk of failure)
Press: ? - help, Shift-Dir - straight line, f - orc warrior
Aim: an orc warrior, wielding a +2 long sword of protection and wearing a +0 chain mail (heavily wounded, 81% to hit)
The searing ray misses the orc warrior.
The searing ray hits Joseph.
Joseph is severely wounded. (Press . to maintain the ray.)
The orc warrior hits you with a +2 long sword of protection!
The searing ray hits the orc warrior.
The orc warrior is heavily wounded.
The searing ray hits Joseph!
Joseph is severely wounded.
The orc warrior hits you with a +2 long sword of protection!
The searing ray hits the orc warrior!
The orc warrior is almost dead.
The searing ray hits Joseph!
Joseph is almost dead.
The orc warrior hits you with a +2 long sword of protection!
* * * LOW HITPOINT WARNING * * *
The searing ray misses the orc warrior.
The searing ray hits Joseph!
You kill Joseph!
Vehumet accepts your kill.
You finish channelling your searing ray.
The orc warrior hits you with a +2 long sword of protection!
You die...

>..
#..###.############..#####
### #..# #...
..........[<..
#..###############..####.#
##o###...........# #..##
#†# ........########.#
#...###.# ##.###o.#
#.######[...##.# #..#
#.##..†.........
#..########.##.###........
#......)o@..#.÷.#......)..
#..##.#####...............
#.....## #...............
#.....<####......#........
......#......#...##.<......
##.......###.##.###.#.#.###
##......# #.##.# #.#.#.#
####.#.. ..##.. ....#.#
#..............###.#


You could see an orc warrior.

Vanquished Creatures
  A two-headed ogre (D:8)
  Pikel (D:8)
  Joseph (D:8)
  Maggie (D:7)
  Sigmund (D:2)
  6 yaks
  A steam dragon (D:7)
  An ice beast (D:4)
  2 orc warriors (D:7)
  2 black bears
  2 ogres
  A centaur (D:6)
  A phantom (D:4)
  A kobold brigand (D:3)
  A lemure (D:8)
  Blork the orc (D:6)
  3 scorpions
  A necrophage (D:7)
  4 wights (D:7)
  3 howler monkeys
  5 hounds
  A jelly (D:5)
  A gnoll bouda (D:5)
  4 iguanas
  Natasha (thrice) (D:2)
  4 orc wizards
  8 adders
  18 gnolls
  A shadow imp (D:4)
  2 white imps
  4 ufetubi
  3 worms
  54 orcs
  8 ball pythons
  5 endoplasms
  6 giant cockroaches
  13 hobgoblins
  14 jackals
  2 quokkas (D:2)
  2 bats (D:1)
  2 frilled lizards
  7 goblins
  10 kobolds
  5 rats
217 creatures vanquished.

Vanquished Creatures (others)
  A quokka (D:6)
  2 fulminant prisms (D:8)
  3 plants (D:3)
6 creatures vanquished.

Grand Total: 223 creatures vanquished

Notes
Turn   | Place    | Note
-------+----------+-------------------------------------------
     0 | D:1      | gruber the Tengu Conjurer began the quest for the Orb.
     0 | D:1      | Reached XP level 1. HP: 10/10 MP: 4/4
   357 | D:1      | Reached XP level 2. HP: 15/15 MP: 4/6
   458 | D:1      | Reached skill level 6 in Conjurations
   758 | D:1      | Found a faded altar of an unknown god.
  1315 | D:2      | Reached XP level 3. HP: 19/19 MP: 1/7
  1371 | D:2      | Noticed Sigmund
  1383 | D:2      | Learned a level 2 spell: Searing Ray
  1510 | D:2      | Killed Sigmund
  1511 | D:2      | Reached skill level 8 in Conjurations
  1511 | D:2      | Reached XP level 4. HP: 16/24 MP: 0/9
  1511 | D:2      | Gained mutation: Your magical nature lets you fly swiftly
                  | and evasively. [Tengu growth]
  1511 | D:2      | Reached XP level 5. HP: 18/28 MP: 0/10
  1725 | D:2      | Identified the +9 short sword of Vanity {vorpal, Str+2}
  2045 | D:2      | Reached XP level 6. HP: 32/32 MP: 7/11
  2176 | D:2      | Reached skill level 1 in Short Blades
  2454 | D:2      | Noticed Natasha
  2462 | D:2      | Killed Natasha
  2500 | D:2      | Noticed Natasha
  2504 | D:2      | Killed Natasha
  2713 | D:2      | Noticed Natasha
  2716 | D:2      | Killed Natasha
  3389 | D:3      | Reached XP level 7. HP: 36/36 MP: 3/12
  3750 | D:3      | Reached skill level 5 in Short Blades
  4952 | D:3      | Reached XP level 8. HP: 41/41 MP: 7/13
  5280 | D:4      | Found a burning altar of Makhleb.
  5575 | D:4      | Reached skill level 1 in Armour
  6625 | D:4      | Learned a level 4 spell: Fulminant Prism
  6664 | D:5      | Entered Level 5 of the Dungeon
  6770 | D:5      | Reached skill level 5 in Armour
  7111 | D:5      | Found a sparkling altar of Nemelex Xobeh.
  7158 | D:5      | Reached skill level 9 in Conjurations
  7291 | D:5      | Found Ataimimp's Book Shop.
  7569 | D:5      | Reached skill level 10 in Conjurations
  7685 | D:5      | Reached XP level 9. HP: 45/45 MP: 5/14
  8133 | D:6      | Found an ornate altar of the Wu Jian Council.
  8160 | D:6      | Identified the +7 short sword "Zaoxt" {flame, rElec Str+5}
  8643 | D:6      | Noticed Blork the orc
  8649 | D:6      | Killed Blork the orc
  8650 | D:6      | Reached skill level 11 in Conjurations
  8847 | D:6      | Found a white marble altar of Elyvilon.
  9137 | D:7      | Reached skill level 1 in Fighting
  9877 | D:7      | Reached skill level 5 in Fighting
 10125 | D:7      | Noticed Maggie
 10136 | D:7      | Found a staircase to the Ecumenical Temple.
 10144 | Temple   | Entered the Ecumenical Temple
 10144 | Temple   | Found a transporter.
 10144 | Temple   | Found a transporter.
 10146 | Temple   | Found a transporter.
 10146 | Temple   | Found a transporter.
 10170 | Temple   | Became a worshipper of Vehumet
 10232 | D:7      | Killed Maggie
 10651 | D:8      | Noticed Pikel
 10672 | D:8      | Killed Pikel
 10673 | D:8      | Reached XP level 10. HP: 51/64 MP: 5/15
 10794 | D:7      | Reached skill level 5 in Dodging
 11084 | D:8      | Noticed a two-headed ogre
 11150 | D:8      | Killed a two-headed ogre
 11232 | D:8      | Noticed Joseph
 11285 | D:8      | Killed Joseph
 11285 | D:8      | Slain by an orc warrior

Illustrated notes

Levels and vault maps discovered:
D:1:      matt_arrival_spirals, layout_basic,
          hellmonk_ecumenical_altar_pennies_from_heaven, minmay_misc_feat_x,
          minivault_5, feat_on_display
D:2:      minmay_chambers_of_twos, layout_basic, uniq_sigmund, uniq_natasha
D:3:      lemuel_castle_with_subvaults [lemuel_castle_interior_original],
          layout_basic, serial_co_window_serial, co_window_corner_a,
          co_window_corner_a, co_window_corner_a, co_window_paths_b,
          co_window_paths_a, co_window_broadway_a, co_window_of_opportunity_c,
          co_window_broadway_a, co_window_4corner_b, glass_columns_a
D:4:      layout_gridville, lemuel_crystal_altar, minmay_misc_feat_five,
          minmay_goblin_kobold_house
D:5:      layout_basic, nemelex_xobeh_ov_fountains_minmay, serial_shops,
          kennysheep_mini_moat
D:6:      layout_layer_cave, elyvilon_altar_4, nicolae_wu_jian_glorious_leap,
          supply_closet_lemuel, uniq_blork_the_orc
D:7:      layout_loops_ring, temple_green, uniq_maggie
D:8:      layout_loops_ring, nicolae_uskayaw_suspiria, uniq_joseph, uniq_grum,
          uniq_pikel
Temple:   hellmonk_temple_divided_pantheon

Skill      XL: |  1  2  3  4  5  6  7  8  9 10 |
---------------+-------------------------------+-----
Conjurations   | 6 8 10 11 | 11.2
Spellcasting   | 3 |  3.1
Short Blades   | 4 6 |  6.5
Dodging        | 3 4 7 |  7.2
Armour         | 5 |  5.1
Fighting       | 8 |  8.0
Stealth        | |  2.0

Action                   |  1- 3 |  4- 6 |  7- 9 | 10-12 || total
-------------------------+-------+-------+-------+-------++-------
Melee: Unarmed           |     2 |       |       |       ||     2
       Kick              |     1 |       |    19 |     2 ||    22
       Short sword       |       |     9 |    74 |     9 ||    92
       Peck              |       |       |    10 |     1 ||    11
       Punch             |       |       |     2 |       ||     2
 Cast: Magic Dart        |    42 |    90 |   210 |     5 ||   347
       Searing Ray       |     1 |     3 |    40 |    10 ||    54
       Fulminant Prism   |       |       |       |     2 ||     2
Evoke: Wand              |     2 |       |       |       ||     2
  Use: Scroll            |       |       |     9 |       ||     9
 Stab: Sleeping          |       |       |     1 |       ||     1
Armor: Robe              |     1 |     2 |     3 |       ||     6
       Leather armour    |       |       |     6 |       ||     6
       Steam dragon scal |       |       |     3 |     2 ||     5
Dodge: Dodged            |     2 |     9 |    93 |     9 ||   113

Table legend: (Time is in decaauts)
 A = Elapsed time spent in this place.
 B = Non-inter-level travel time spent in this place.
 C = Inter-level travel time spent in this place.
 D = Time resting spent in this place.
 E = Time spent auto-exploring this place.
 F = Levels seen in this place.
 G = Mean time per level.
                   A        B        C        D        E       F      G
               +--------+--------+--------+--------+--------+-----+--------+
         Total |  10764 |  10116 |    648 |     80 |   8642 |   9 | 1196.0 |
       Dungeon |  10712 |  10071 |    641 |     80 |   8637 |   8 | 1339.0 |
        Temple |     52 |     46 |      6 |      0 |      4 |   1 |   52.0 |
               +--------+--------+--------+--------+--------+-----+--------+

Top non-repeatable levels by time:
     D:3: 2569 daAuts
     D:7: 1489 daAuts
     D:2: 1428 daAuts
     D:1: 1261 daAuts
     D:4: 1188 daAuts
     D:6: 1112 daAuts
     D:5: 1097 daAuts
     D:8: 565 daAuts
  Temple: 52 daAuts
